 Dungeon Crawl Stone Soup version 0.31.0-32-g396128a36d (webtiles) character file.

Game seed: 6918976430111942045

1221 mainiacjoe the Skirmisher (level 8, 0/38 HPs)
             Began as a Deep Elf Hexslinger on Apr 4, 2024.
             Was a Follower of Hepliaklqana.
             Slain by a jelly (1 damage)
             ... on level 6 of the Dungeon.
             The game lasted 00:14:22 (5738 turns).

mainiacjoe the Skirmisher (Deep Elf Hexslinger)     Turns: 5738, Time: 00:14:24

Health: 0/38       AC:  2    Str:  5    XL:     8   Next: 23%
Magic:  14/14      EV: 13    Int: 21    God:    Hepliaklqana [*.....]
Gold:   1342       SH:  0    Dex: 17    Spells: 1/13 levels left

rFire   . . .        b - +2 dagger (elec)
rCold   . . .        (no shield)
rNeg    . . .        c - +0 robe
rPois   +            G - +0 helmet
rElec   .            o - +0 cloak
rCorr   .            (no gloves)
SInv    .            x - +1 pair of boots
Will    .....        j - amulet of regeneration
Stlth   ++           v - ring of poison resistance
HPRegen 1.06/turn    A - +4 ring of protection
MPRegen 0.14/turn

%: no passive effects
@: corroded
A: reduced essence
a: Renounce Religion, Recall Ancestor, Ancestor Identity


You were on level 6 of the Dungeon.
You worshipped Hepliaklqana.
Hepliaklqana was aware of your devotion.
You visited 2 branches of the dungeon, and saw 7 of its levels.

You collected 1342 gold pieces.

Inventory:

Hand Weapons
 a - a +2 sling
 b - a +2 dagger of electrocution (weapon)
 l - a +0 mace
 m - a +0 short sword
 s - a +2 spear of venom
 u - a +2 quarterstaff of chaos
 E - a +0 vampiric short sword
Missiles
 e - 45 stones
 i - 3 boomerangs
 y - 6 poisoned darts
 D - 3 curare-tipped darts (quivered) {=F}
Armour
 c - a +0 robe (worn)
 o - a +0 cloak (worn)
 x - a +1 pair of boots (worn)
 G - a +0 helmet (worn)
Jewellery
 j - an amulet of regeneration (around neck)
 v - a ring of poison resistance (left hand)
 A - a +4 ring of protection (right hand)
 B - a ring of ice
Wands
 F - a wand of mindburst (19)
 H - a wand of polymorph (5)
Scrolls
 f - a scroll of poison
 n - a scroll of amnesia
 p - 6 scrolls of teleportation
 C - a scroll of silence
Potions
 d - a potion of resistance
 g - 2 potions of magic
 h - a potion of might {unknown}
 k - a potion of heal wounds {unknown}
 q - 3 potions of attraction
 r - 2 potions of brilliance {unknown}
 t - 2 potions of mutation {unknown}
 w - 2 potions of haste {unknown}
 z - 3 potions of curing {unknown}
 I - a potion of lignification {unknown}
 J - a potion of enlightenment {unknown}


   Skills:
 + Level 1.2 Fighting
 + Level 10.1 Ranged Weapons
 + Level 2.8 Dodging
 - Level 3.0 Spellcasting
 - Level 8.0 Hexes
 - Level 3.0 Fire Magic


You had one spell level left.
You knew the following spells:

 Your Spells              Type           Power      Damage    Failure   Level
a - Jinxbite              Hex            72%        N/A       1%          2
b - Sigil of Binding      Hex            36%        N/A       1%          3
c - Inner Flame           Hex/Fire       26%        N/A       4%          3
d - Cause Fear            Hex            18%        N/A       4%          4

Your spell library contained the following spells:

 Spells                   Type           Power      Damage    Failure   Level
 Slow                     Hex            100%       N/A       1%          1
 Confusing Touch          Hex            36%        N/A       1%          3
 Blink                    Tloc           6%         N/A       21%         2
 Lesser Beckoning         Tloc           6%         N/A       21%         2
 Momentum Strike          Conj/Tloc      6%         3d8       21%         2
 Dimensional Bullseye     Hex/Tloc       9%         N/A       26%         4
 Vampiric Draining        Necr           3%         2d6       36%         3
 Summon Blazeheart Golem  Fire/Summ      9%         N/A       56%         4
 Orb of Destruction       Conj           1%         9d5       100%        7
 Spellforged Servitor     Conj/Summ      1%         N/A       100%        7


Dungeon Overview and Level Annotations

Branches:
Dungeon (6/15)             Temple (1/1) D:4

Altars:
Dithmenos
Elyvilon
Fedhas
Gozag
Hepliaklqana
Kikubaaqudgha
Makhleb
Nemelex Xobeh
Trog
Uskayaw
Vehumet
Wu Jian
The Shining One


Message History

The howler monkey hoots and howls with incredible vigour!
The jelly hits you. The acid corrodes you!
You are splashed with acid!
The phantom hits you.
The phantom blinks!
You blink.
You are too injured to fight recklessly!
You are too injured to fight recklessly!
You are too injured to fight recklessly!
You are too injured to fight recklessly!
Unknown command.
You hear the crackle of electricity.
b - a +2 dagger of electrocution (weapon)
You hit the phantom. Lightning courses through the phantom!!
You destroy the phantom!
Your Fighting skill increases to level 1!
Metiac hits the jelly.
Metiac is burned by acid!
There is a stone staircase leading up here.
The jelly hits you. The acid corrodes you!
You are splashed with acid!
Metiac barely misses the jelly.
You hit the jelly but do no damage.
Your hands burn!
The jelly is moderately wounded.
The jelly barely misses you.
Metiac hits the jelly.
Metiac is burned by acid!
The howler monkey hits you but does no damage.
You hit the jelly but do no damage.
Your hands burn!
The jelly is moderately wounded.
The jelly hits you but does no damage.
Metiac hits the jelly.
Metiac is burned by acid!
The howler monkey hits you but does no damage.
You hit the jelly. The acid corrodes you!
Your hands burn!
* * * LOW HITPOINT WARNING * * *
The jelly is severely wounded.
The jelly hits you but does no damage. The howler monkey barely misses you.
Metiac barely misses the jelly.
You hit the jelly but do no damage.
Your hands burn!
* * * LOW HITPOINT WARNING * * *
The jelly is severely wounded.
The howler monkey hits you!
* * * LOW HITPOINT WARNING * * *
The jelly hits you.
You die...

#..........................
...................... ....
#####...#..........o.. ...
###.#.............
#.#...........[.
..#....5........
###.............
#..hR.........
#<@Jo.........
#######....... .......
....... ....... .......
.......


You could see the friendly Metiac the ancestor, a howler monkey, a jelly (ally
target), a shadow imp and an orc.

Vanquished Creatures
  Eustachio (D:5)
  Edmund (D:5)
  A phantom (D:6)
  Dowan (D:5)
  A howler monkey (D:5)
  2 jellies
  A bombardier beetle (D:5)
  3 hounds
  2 orc priests
  Crazy Yiuf (D:2)
  Jessica (D:2)
  2 orc wizards (D:4)
  Ijyb (D:5)
  An iguana (D:4)
  7 gnolls
  6 adders
  2 dart slugs
  2 ribbon worms
  20 orcs
  7 endoplasms
  7 giant cockroaches
  8 hobgoblins
  3 jackals (D:1)
  3 quokkas
  5 ball pythons
  5 bats
  3 frilled lizards
  8 goblins
  11 kobolds
  9 rats
125 creatures vanquished.

Vanquished Creatures (collateral kills)
  Duvessa (D:5)
  A hound (D:5)
  An orc wizard (D:6)
  3 orcs (D:5)
6 creatures vanquished.

Vanquished Creatures (others)
  An ancestor (D:5)
1 creature vanquished.

Grand Total: 132 creatures vanquished

Notes
Turn   | Place    | Note
-------+----------+-------------------------------------------
     0 | D:1      | mainiacjoe the Deep Elf Hexslinger began the quest for the
                  | Orb.
     0 | D:1      | Reached XP level 1. HP: 11/11 MP: 5/5
   148 | D:1      | Reached skill level 3 in Ranged Weapons
   215 | D:1      | Reached XP level 2. HP: 16/16 MP: 6/6
   218 | D:1      | Learned a level 2 spell: Jinxbite
   485 | D:1      | Reached skill level 4 in Ranged Weapons
   495 | D:1      | Reached XP level 3. HP: 20/20 MP: 8/8
   499 | D:1      | Learned a level 3 spell: Sigil of Binding
   821 | D:2      | Reached XP level 4. HP: 15/24 MP: 7/9
   880 | D:2      | Noticed Jessica
   891 | D:2      | Killed Jessica
   892 | D:2      | Reached skill level 5 in Ranged Weapons
   892 | D:2      | Reached skill level 5 in Hexes
   943 | D:2      | Found a runed translucent door.
   945 | D:2      | Noticed Crazy Yiuf
  1012 | D:2      | Killed Crazy Yiuf
  1099 | D:2      | Reached XP level 5. HP: 22/28 MP: 10/10
  1329 | D:2      | Reached skill level 6 in Ranged Weapons
  1422 | D:2      | Identified a scroll of acquirement
  1422 | D:2      | Acquired 1038 gold pieces
  1941 | D:3      | Learned a level 3 spell: Inner Flame
  2880 | D:4      | Reached XP level 6. HP: 21/33 MP: 11/11
  2987 | D:4      | Found a staircase to the Ecumenical Temple.
  2996 | Temple   | Entered the Ecumenical Temple
  3018 | Temple   | Became a worshipper of Hepliaklqana the Forgotten
  3245 | D:4      | Reached skill level 7 in Ranged Weapons
  3579 | D:4      | Reached * piety under Hepliaklqana
  3727 | D:4      | Found a radiant altar of Vehumet.
  3727 | D:4      | Found a sparkling altar of Nemelex Xobeh.
  3856 | D:5      | Entered Level 5 of the Dungeon
  3934 | D:5      | Identified the +2 robe of Ryemn {rC+ rN+}
  3966 | D:5      | Reached skill level 8 in Ranged Weapons
  4092 | D:5      | Noticed Dowan
  4093 | D:5      | Noticed Duvessa
  4097 | D:5      | Killed Dowan
  4098 | D:5      | Reached XP level 7. HP: 33/33 MP: 8/12
  4099 | D:5      | Killed Duvessa
  4100 | D:5      | Reached skill level 9 in Ranged Weapons
  4356 | D:5      | Noticed Ijyb
  4360 | D:5      | Killed Ijyb
  4569 | D:5      | Noticed Edmund
  4618 | D:5      | Killed Edmund
  4619 | D:5      | Reached skill level 10 in Ranged Weapons
  4855 | D:5      | Noticed Eustachio
  4866 | D:5      | Killed Eustachio
  4867 | D:5      | Reached XP level 8. HP: 37/37 MP: 11/14
  4872 | D:5      | Learned a level 4 spell: Cause Fear
  5270 | D:6      | Found a blossoming altar of Fedhas.
  5733 | D:6      | Reached skill level 1 in Fighting
  5738 | D:6      | HP: 1/38 [howler monkey (7)]
  5738 | D:6      | Slain by a jelly

Illustrated notes

Levels and vault maps discovered:
D:1:      dpeg_arrival_tiny_a, layout_loops_ring
D:2:      minmay_thinvault, layout_loops_cross, uniq_jessica,
          uniq_crazy_yiuf_cottage
D:3:      layout_basic, guppyfry_early_lair_pool
D:4:      layout_loops_corners, gammafunk_temple_overflow_elements,
          minmay_temple_entry_offerings
D:5:      layout_loops_corners, uniq_eustachio, uniq_edmund, uniq_ijyb,
          uniq_duvessa
D:6:      layout_basic, zin_angel, nicolae_overflow_crystal_walls,
          fedhas_altar_3
Temple:   nicolae_temple_two_arcs

Skill      XL: |  1  2  3  4  5  6  7  8 |
---------------+-------------------------+-----
Ranged Weapons | 3 4 5 6 8 10 | 10.1
Spellcasting   | 2 3 |  3.0
Hexes          | 5 6 7 8 |  8.0
Fire Magic     | 3 |  3.0
Fighting       | 1 |  1.2
Dodging        | |  2.8

Action                     |  1- 3 |  4- 6 |  7- 9 || total
---------------------------+-------+-------+-------++-------
  Melee: Spear             |       |    38 |       ||    38
         Dagger            |       |    20 |     5 ||    25
   Fire: Sling             |    73 |   186 |    92 ||   351
  Throw: Dart              |       |       |     1 ||     1
   Cast: Jinxbite          |     2 |     5 |       ||     7
         Sigil of Binding  |       |     3 |     1 ||     4
         Inner Flame       |       |     4 |     7 ||    11
 Invoke: Ancestor Identity |       |     1 |       ||     1
         Recall Ancestor   |       |       |     1 ||     1
    Use: Scroll            |     4 |     7 |     2 ||    13
   Stab: Distracted        |       |     1 |       ||     1
         Sleeping          |       |     1 |       ||     1
 Armour: Robe              |    17 |    63 |    20 ||   100
  Dodge: Dodged            |    14 |    62 |    11 ||    87
